 Dungeon Sprint DCSS version 0.30-a0-1103-g25895a7845 (webtiles) character file.

Game seed: 9074688337117385712

280 sircluck the Cleaver (level 6, -4/61 HPs)
             Began as a Hill Orc Fighter on Apr 18, 2023.
             Was an Elder of Beogh.
             Slain by an ogre
             ... wielding a +0 giant spiked club
              (21 damage)
             ... in the Dungeon (Sprint VII: "The Pits").
             The game lasted 00:02:08 (281 turns).

sircluck the Cleaver (Hill Orc Fighter)              Turns: 281, Time: 00:02:09

Health: -4/61      AC: 13    Str: 21    XL:     6   Next: 27%
Magic:  6/6        EV:  8    Int:  8    God:    Beogh [****..]
Gold:   0          SH:  5    Dex: 10    Spells: 5/5 levels left

rFire   . . .      SeeInvis .    m - +2 hand axe
rCold   . . .      Faith    .    c - +0 buckler
rNeg    . . .      Spirit   .    o - +3 chain mail
rPois   .          Reflect  .    (no helmet)
rElec   .          Rampage  .    (no cloak)
rCorr   .          NoTele   +    (no gloves)
Will    .....                    (no boots) Stlth
                                 (no amulet)
HPRegen 0.30/turn                (no ring)
MPRegen 0.10/turn                (no ring)

@: no status effects
A: no striking features
a: Renounce Religion, Smiting, Recall Orcish Followers


You were in the Dungeon.
You worshipped Beogh.
Beogh was greatly pleased with you.
You visited 1 branch

Inventory:

Hand Weapons
 a - a +0 war axe
 m - a +2 hand axe (weapon)
 n - a +1 hand axe of freezing
Missiles
 l - 13 stones (quivered)
Armour
 b - a +0 scale mail
 c - a +0 buckler (worn)
 o - a +3 chain mail (worn)
 p - a +3 chain mail
Scrolls
 j - a scroll of blinking
Potions
 d - a potion of might
 e - 6 potions of curing
 f - 6 potions of heal wounds
 g - a potion of haste
 h - 4 potions of magic
 i - 3 potions of berserk rage
 k - 2 potions of invisibility


   Skills:
 + Level 8.2 Fighting
 + Level 9.7 Axes
 + Level 7.6 Armour
 + Level 0.8 Dodging
 + Level 6.8 Shields


You had 5 spell levels left.
You didn't know any spells.
Your spell library was empty.

Dungeon Overview and Level Annotations

Branches:
Dungeon (1/1)

Altars:
Ashenzari
Cheibriados
Dithmenos
Elyvilon
Fedhas
Gozag
Hepliaklqana
Kikubaaqudgha
Makhleb
Nemelex Xobeh
Okawaru
Qazlal
Ru
Sif Muna
Trog
Uskayaw
Vehumet
Wu Jian
Xom
Yredelemnul
Zin
The Shining One
Beogh
Jiyva
Lugonu


Message History

You hit Crazy Yiuf.
Crazy Yiuf is heavily wounded.
You feel sick.
Crazy Yiuf hits you with a +2 quarterstaff of chaos!
You slash Crazy Yiuf!
You kill Crazy Yiuf!
Beogh accepts your kill.
You feel sick.
You slash the jackal!
You kill the jackal!
Beogh accepts your kill.
You feel sick.
You hit the gnoll.
The gnoll is severely wounded.
You feel sick. The gnoll barely misses you.
You completely miss the gnoll.
The gnoll is severely wounded.
You feel sick.
You are no longer poisoned.
The gnoll completely misses you.
You slash the gnoll!
You kill the gnoll!
Beogh accepts your kill.
You barely miss the ogre.
The ogre hits you with a +0 giant spiked club!
* * * LOW HITPOINT WARNING * * *
There is an open door here.
Things that are here:
a +0 dagger; an orc skeleton
There is an open door to the Storerooms (Easy) here.
The ogre barely misses you.
You hit the ogre.
The ogre is lightly wounded.
The ogre closely misses you.
You slash the ogre!
The ogre is heavily wounded.
You slash the ogre!
The ogre is severely wounded.
The ogre hits you with a +0 giant spiked club!!
You die...

#### __.# __.#
...###########++######
##'##................#
)'.##......#..#......#
##.##................+
...)'..........O@....+
#####......#..#......#
#..##................#
#))#####'#####++######
#).##.......#
#))##.......#
#..##.......#
#'###...<...#
...##.......#


You could see an ogre.

Vanquished Creatures
  2 floating eyes (D)
  Crazy Yiuf (D)
  An orc wizard (D)
  A gnoll (D)
  An ufetubus (D)
  4 orcs (D)
  A bat zombie (D)
  A giant cockroach (D)
  A goblin (D)
  4 jackals (D)
  A quokka (D)
  A kobold (D)
19 creatures vanquished.

Notes
Turn   | Place    | Note
-------+----------+-------------------------------------------
     0 | D        | sircluck the Hill Orc Fighter began the quest for the Orb.
     0 | D        | Reached XP level 1. HP: 19/19 MP: 1/1
    40 | D        | Found a bloodstained altar of Trog.
    40 | D        | Found a shimmering blue altar of Sif Muna.
    40 | D        | Found a viscous altar of Jiyva.
    40 | D        | Found a hazy altar of Hepliaklqana.
    40 | D        | Found an opulent altar of Gozag.
    41 | D        | Found a glowing golden altar of the Shining One.
    41 | D        | Found a glowing silver altar of Zin.
    41 | D        | Found a basalt altar of Yredelemnul.
    41 | D        | Found a shimmering altar of Xom.
    41 | D        | Found an ornate altar of the Wu Jian Council.
    41 | D        | Found a sacrificial altar of Ru.
    41 | D        | Found a stormy altar of Qazlal.
    41 | D        | Found an iron altar of Okawaru.
    41 | D        | Found a sparkling altar of Nemelex Xobeh.
    41 | D        | Found a burning altar of Makhleb.
    41 | D        | Found a blossoming altar of Fedhas.
    41 | D        | Found a white marble altar of Elyvilon.
    41 | D        | Found a shadowy altar of Dithmenos.
    41 | D        | Found a snail-covered altar of Cheibriados.
    43 | D        | Found a radiant altar of Vehumet.
    43 | D        | Found a corrupted altar of Lugonu.
    43 | D        | Found a roughly hewn altar of Beogh.
    44 | D        | Found a hide-covered altar of Uskayaw.
    44 | D        | Found an ancient bone altar of Kikubaaqudgha.
    44 | D        | Found a broken altar of Ashenzari.
    53 | D        | Became a worshipper of Beogh the Brigand
    99 | D        | Reached skill level 3 in Axes
   104 | D        | Noticed a floating eye
   105 | D        | Reached * piety under Beogh
   107 | D        | Reached XP level 2. HP: 28/28 MP: 2/2
   107 | D        | Paralysed by a floating eye for 2 turns
   110 | D        | Killed a floating eye
   111 | D        | Reached skill level 5 in Axes
   111 | D        | Reached skill level 5 in Shields
   111 | D        | Reached XP level 3. HP: 38/38 MP: 3/3
   111 | D        | Reached XP level 4. HP: 45/45 MP: 4/4
   120 | D        | Reached ** piety under Beogh
   121 | D        | Reached skill level 6 in Axes
   128 | D        | Reached XP level 5. HP: 46/51 MP: 5/5
   135 | D        | Reached *** piety under Beogh
   214 | D        | Noticed a floating eye
   214 | D        | Noticed Crazy Yiuf
   219 | D        | Paralysed by a floating eye for 2 turns
   221 | D        | Reached **** piety under Beogh
   225 | D        | Paralysed by a floating eye for 4 turns
   230 | D        | Killed a floating eye
   231 | D        | Reached skill level 9 in Axes
   231 | D        | Reached XP level 6. HP: 61/61 MP: 6/6
   240 | D        | Killed Crazy Yiuf
   281 | D        | Slain by an ogre

Illustrated notes

Levels and vault maps discovered:
D:        pitsprint [storerooms_1, entrance_room_1, metal_vault_7, armoury_2,
          mini_pit_1, grid_room_1, main_hall_1, silver_pit, the_coven_2,
          the_vestibule_1, steel_vault_2, golden_pit, hallway_of_sentries,
          crystal_vault_1, iron_vault_5, final_vault]

Skill      XL: |  1  2  3  4  5 |
---------------+----------------+-----
Fighting       | 4 6 8 |  8.2
Axes           | 3 5 6 9 |  9.7
Armour         | 4 6 7 |  7.6
Shields        | 4 5 6 |  6.8
Dodging        | |  0.8

Action                     |  1- 3 |  4- 6 || total
---------------------------+-------+-------++-------
  Melee: War axe           |    14 |    16 ||    30
         Hand axe          |       |    26 ||    26
 Armour: Scale mail        |     1 |    13 ||    14
         Chain mail        |       |     4 ||     4
  Dodge: Dodged            |     5 |    25 ||    30
  Block: Buckler           |     1 |       ||     1

Table legend: (Time is in decaauts)
 A = Elapsed time spent in this place.
 B = Non-inter-level travel time spent in this place.
 C = Inter-level travel time spent in this place.
 D = Time resting spent in this place.
 E = Time spent auto-exploring this place.
 F = Levels seen in this place.
 G = Mean time per level.
                   A        B        C        D        E       F      G
               +--------+--------+--------+--------+--------+-----+--------+
         Total |    288 |    233 |     55 |      0 |      0 |   1 |  288.0 |
       Dungeon |    288 |    233 |     55 |      0 |      0 |   1 |  288.0 |
               +--------+--------+--------+--------+--------+-----+--------+

Top non-repeatable levels by time:
       D: 288 daAuts
